 Dungeon Crawl Stone Soup version 0.22-a0-161-g198051c (webtiles) character file.

47 b5mith the Poker (level 3, -6/29 HPs)
             Began as a Human Berserker on Feb 10, 2018.
             Was a Believer of Trog.
             Shot with a sling bullet by a goblin (10 damage)
             ... on level 2 of the Dungeon.
             The game lasted 00:05:29 (1462 turns).

b5mith the Poker (Human Berserker)                  Turns: 1462, Time: 00:05:29

Health: -6/29      AC:  2    Str: 17    XL:     3   Next: 97%
Magic:  3/3        EV: 13    Int:  7    God:    Trog [**....]
Gold:   131        SH:  0    Dex: 16    Spells: 2/2 levels left

rFire    . . .     SeeInvis .   a - +1 spear
rCold    . . .     Gourm    .   (no shield)
rNeg     . . .     Faith    .   b - +0 animal skin
rPois    .         Spirit   .   (no helmet)
rElec    .         Reflect  .   (no cloak)
rCorr    .         Harm     .   (no gloves)
MR       .....                  (no boots)
Stlth    +.........             (no amulet)
HPRegen  0.09/turn              d - +3 ring of dexterity
MPRegen  0.08/turn              r - ring of loudness (curse)

@: flying
A: no striking features
a: Berserk, Trog's Hand, Burn Spellbooks, Renounce Religion


You were on level 2 of the Dungeon.
You worshipped Trog.
Trog was pleased with you.
You were not hungry.

You visited 1 branch of the dungeon, and saw 2 of its levels.

You collected 131 gold pieces.

Inventory:

Hand Weapons
 a - a +1 spear (weapon)
Missiles
 e - 41 stones (quivered)
 g - 3 javelins
 l - 3 needles of confusion
 o - 17 arrows
Armour
 b - a +0 animal skin (worn)
Jewellery
 d - a +3 ring of dexterity (left hand)
 r - a cursed ring of loudness (right hand)
Scrolls
 h - a scroll of blinking {unknown}
 i - a scroll of fog {unknown}
 j - 2 scrolls of enchant weapon
 k - a scroll of magic mapping {unknown}
 n - a scroll of remove curse {unknown}
 p - a scroll of identify {unknown}
Potions
 f - a potion of degeneration {unknown}
 m - a potion of haste {unknown}
 q - a potion of flight
Comestibles
 c - 4 rations


   Skills:
 + Level 3.3 Fighting
 + Level 3.6 Polearms
 + Level 0.8 Throwing
 + Level 2.1 Armour
 + Level 2.3 Dodging
 + Level 0.5 Stealth


You had 2 spell levels left.
You didn't know any spells.

Dungeon Overview and Level Annotations

Branches:
Dungeon (2/15)

Altars:
Fedhas
Qazlal


Message History

The goblin shoots a sling bullet.
The sling bullet closely misses you.
You see here a sling bullet.
The goblin shoots a sling bullet.
The sling bullet hits you.
* * * LOW HITPOINT WARNING * * *
You see here a sling bullet.
You hit the hobgoblin.
You kill the hobgoblin!
Trog accepts your kill.
The goblin shoots a sling bullet.
The sling bullet closely misses you.
The goblin shoots a sling bullet.
The sling bullet hits you.
* * * LOW HITPOINT WARNING * * *
Things that are here:
a club; a hobgoblin corpse The goblin shoots a sling bullet.
The sling bullet hits you.
* * * LOW HITPOINT WARNING * * *
The goblin shoots a sling bullet.
The sling bullet misses you.
The goblin shoots a sling bullet.
The sling bullet misses you.
You see here a sling bullet.
The goblin shoots a sling bullet.
The sling bullet hits you!
You die...

##.#.###.(####.#.#######
########.###g).g..............#
..........#.###g(####.#.#####.#
.#######.#g####.......#.# #.#
.# #.#.# #..........# #.#
########.#.# ##...###########.#
E##........# ##.## #.....#
###..###.### #(# #.#####
g.#.#.##(# #@# #.# ...###..(#
##'## #.# ..#.#..#.# ##...##
#.# ###..#.#.# ##...>.## #.##
E##.##.#.# ##.(.....## #..##
###......###.........####...##
...........+.........+.......#
#####...####.........####...##
###.....# ##.......## #..##


You could see a hobgoblin and a goblin.

Vanquished Creatures
  An adder (D:2)
  2 worms (D:2)
  2 leopard geckos
  3 giant cockroaches
  2 goblins (D:1)
  4 hobgoblins
  4 bats
  A frilled lizard (D:2)
  4 kobolds
  9 rats
32 creatures vanquished.

Notes
Turn   | Place    | Note
-------+----------+-------------------------------------------
     0 | D:1      | b5mith the Human Berserker began the quest for the Orb.
     0 | D:1      | Reached XP level 1. HP: 18/18 MP: 1/1
   256 | D:1      | Reached XP level 2. HP: 23/24 MP: 2/2
   864 | D:2      | Found a blossoming altar of Fedhas.
   898 | D:2      | Reached XP level 3. HP: 28/29 MP: 3/3
  1121 | D:2      | Noticed a water elemental
  1134 | D:2      | Noticed an earth elemental
  1180 | D:2      | Reached ** piety under Trog
  1372 | D:2      | Found a stormy altar of Qazlal.
  1374 | D:2      | Noticed an air elemental
  1374 | D:2      | Noticed a fire elemental
  1462 | D:2      | Shot with a sling bullet by a goblin

Vault maps used:
D:1:      lemuel_arrival_muddy
D:2:      lemuel_doored_altar, lemuel_round_altar,
          nicolae_qazlal_style_of_elements

Action                   || total
-------------------------++-------
Melee: Spear             ||    93
Throw: Stone             ||    74
  Use: Scroll            ||     1
       Potion            ||     1
 Stab: Sleeping          ||     1
  Eat: Ration            ||     1
       Chunk             ||     1
Armor: Animal skin       ||    10
Dodge: Dodged            ||    51

Table legend:
 A = Spawn XP
 B = Non-spawn XP
 C = Spawn XP percentage of total XP
 D = Spawn monster count
 E = Non-spawn monster count
 F = Spawn count percentage of total count
 G = Total turns spent on level
                    A         B        C        D         E        F      G
               +---------+---------+-------+---------+---------+-------+---------
         Total |       0 |      68 |   0.0 |       0 |      32 |   0.0 |  1462
               +---------+---------+-------+---------+---------+-------+---------
           D:1 |       0 |      23 |   0.0 |       0 |      15 |   0.0 |   754
           D:2 |       0 |      45 |   0.0 |       0 |      17 |   0.0 |   708
               +---------+---------+-------+---------+---------+-------+---------
